 Dungeon Crawl Stone Soup version 0.23-b1-6-ga921848 (webtiles) character file.

Game seed: 13655962334176374027

107 Scud the Cutter (level 4, -2/37 HPs)
             Began as a Centaur Warper on Feb 2, 2019.
             Slain by an orc
             ... wielding a +1 flail of protection
              (5 damage)
             ... on level 3 of the Dungeon.
             The game lasted 00:07:07 (1603 turns).

Scud the Cutter (Centaur Warper)                    Turns: 1603, Time: 00:07:08

Health: -2/37      AC:  4    Str: 15    XL:     4   Next: 56%
Magic:  6/6        EV:  9    Int: 12    God:
Gold:   82         SH:  0    Dex:  8    Spells: 6/6 levels left

rFire    . . .     SeeInvis .   a - +0 short sword
rCold    . . .     Gourm    .   (no shield)
rNeg     . . .     Faith    .   b - +0 leather armour
rPois    .         Spirit   .   (no helmet)
rElec    .         Reflect  .   (no cloak)
rCorr    .         Harm     .   (no gloves)
MR       .....                  (no barding)
Stlth    ..........             (no amulet)
HPRegen  0.12/turn              (no ring)
MPRegen  0.10/turn              (no ring)

@: very quick
A: large, hooves 3, deformed body, speed 2, tough skin 3
a: no special abilities


You were on level 3 of the Dungeon.
You were not hungry.

You visited 1 branch of the dungeon, and saw 3 of its levels.

You collected 82 gold pieces.

Inventory:

Hand Weapons
 a - a +0 short sword (weapon)
Missiles
 e - 5 tomahawks of dispersal (quivered)
 q - a tomahawk of returning
Armour
 b - a +0 leather armour (worn)
Jewellery
 c - an uncursed amulet of harm {unknown}
 h - a +2 ring of strength {unknown}
 n - an uncursed ring of see invisible {unknown}
Scrolls
 d - a scroll of blinking
 g - 2 scrolls of fear {unknown}
 j - 2 scrolls of amnesia {unknown}
 l - 2 scrolls of identify {unknown}
 m - a scroll of magic mapping {unknown}
Potions
 i - 2 potions of lignification {unknown}
 k - a potion of degeneration {unknown}
 o - a potion of haste {unknown}
 p - a potion of cancellation {unknown}
Comestibles
 f - 4 rations


   Skills:
 + Level 2.8 Fighting
 + Level 3.0 Short Blades
 + Level 1.2 Throwing
 + Level 1.6 Armour
 + Level 1.7 Dodging
 + Level 1.7 Spellcasting
   Level 2.6 Translocations


You had 6 spell levels left.
You didn't know any spells.
Your spell library contained the following spells:

 Spells                   Type           Power        Failure   Level  Hunger
 Blink                    Tloc           N/A          17%         2    ###....
 Shroud of Golubria       Chrm/Tloc      #.........   30%         2    ###....
 Gell's Gravitas          Tloc           #.........   34%         3    ####...
 Lesser Beckoning         Tloc           #.........   34%         3    ####...
 Teleport Other           Tloc           #.......     34%         3    ####...
 Passage of Golubria      Tloc           N/A          75%         4    #####..


Dungeon Overview and Level Annotations

Branches:
Dungeon (3/15)

Altars:
Sif Muna


Innate Abilities, Weirdness & Mutations

You have hooves in place of feet.
Armour fits poorly on your strangely shaped body.
You cover ground very quickly.
You have extremely tough skin. (AC +3)


Message History

You see here a +0 club.
The orc shouts!
You see here a +0 club.
You barely miss the orc. The orc hits you but does no damage.
You hit the orc but do no damage.
The orc hits you with a +1 flail of protection.
* * * LOW HITPOINT WARNING * * *
You hit the orc. You kick the orc.
The orc is heavily wounded.
The orc hits you but does no damage.
You hit the orc but do no damage. You kick the orc, but do no damage.
The orc is heavily wounded.
You hit the orc but do no damage.
The orc is heavily wounded.
The orc hits you with a +1 flail of protection.
* * * LOW HITPOINT WARNING * * *
You hit the orc but do no damage. You kick the orc, but do no damage.
The orc is heavily wounded.
The orc hits you with a +1 flail of protection.
You die...

...#.)#
##.#..########
#.............
#..##########.
#.....# #...#.#
#...#.# #...#.#
#...#@# #...#o#
# #...#(#o#.###
###.#........
#......)#######
....>.#.#
####..#.# ...
#.# ...o #.#


You could see an orc.

Vanquished Creatures
  A worker ant (D:3)
  3 adders
  An ooze (D:2)
  3 dart slugs
  6 orcs (D:3)
  2 giant cockroaches (D:2)
  6 goblins (D:2)
  3 hobgoblins
  8 bats
  2 frilled lizards
  6 kobolds
  2 rats (D:2)
43 creatures vanquished.

Notes
Turn   | Place    | Note
-------+----------+-------------------------------------------
     0 | D:1      | Scud the Centaur Warper began the quest for the Orb.
     0 | D:1      | Reached XP level 1. HP: 17/17 MP: 3/3
    96 | D:1      | Reached skill level 2 in Short Blades
   288 | D:1      | Reached XP level 2. HP: 16/24 MP: 4/4
   631 | D:2      | Reached XP level 3. HP: 28/30 MP: 5/5
   690 | D:2      | Reached skill level 1 in Armour
  1209 | D:2      | Found a deep blue altar of Sif Muna.
  1320 | D:3      | Reached XP level 4. HP: 21/37 MP: 6/6
  1563 | D:3      | Reached skill level 3 in Short Blades
  1603 | D:3      | Slain by an orc

Skill      XL: |  1  2  3  4 |
---------------+-------------+-----
Short Blades   | 2 3 |  3.0
Armour         | 1 |  1.6
Fighting       | |  2.8
Throwing       | |  1.2
Dodging        | |  1.7
Spellcasting   | |  1.7
Translocations | |  2.6

Action                   |  1- 3 |  4- 6 || total
-------------------------+-------+-------++-------
Melee: Short sword       |   109 |    37 ||   146
       Kick              |    21 |     9 ||    30
  Eat: Ration            |       |     1 ||     1
Armor: Leather armour    |    46 |    12 ||    58
Dodge: Dodged            |    69 |     9 ||    78
